 Dungeon Crawl Stone Soup version 0.30-a0-373-gd37427bb62 (webtiles) character file.

Game seed: 6729091975042271833

9765 qeuew the Pandemonic (level 11, -2/94 HPs)
             Began as a Demonspawn Monk on Nov 24, 2022.
             Was a High Priest of Makhleb.
             Slain by a vampire (9 damage)
             ... on level 11 of the Dungeon.
             The game lasted 00:13:56 (8442 turns).

qeuew the Pandemonic (Demonspawn Monk)              Turns: 8442, Time: 00:13:56

Health: -2/94      AC: 16    Str: 21    XL:     11   Next: 27%
Magic:  17/17      EV: 12    Int: 11    God:    Makhleb [*****.]
Gold:   631        SH:  4    Dex: 21    Spells: 10/10 levels left

rFire   + . .      SeeInvis +    t - +0 war axe (venom)
rCold   . . .      Faith    .    (no shield)
rNeg    . . .      Spirit   .    r - +2 chain mail {rPois}
rPois   +          Reflect  .    (no helmet)
rElec   .          Harm     .    j - +0 cloak of Space {Str+4}
rCorr   .          Rampage  .    (no gloves)
Will    .....                    (no boots)
Stlth   ..........               (no amulet)
HPRegen 0.35/turn                z - +6 ring of dexterity
MPRegen 0.15/turn                x - ring of see invisible

@: no status effects
A: thin metallic scales 2, spiny 3, demonic touch 2, large bone plates 1, fire
resistance 1, robust 1
a: Renounce Religion, Minor Destruction, Lesser Servant of Makhleb, Major
Destruction, Greater Servant of Makhleb


You were on level 11 of the Dungeon.
You worshipped Makhleb.
Makhleb was extremely pleased with you.
You visited 2 branches of the dungeon, and saw 12 of its levels.
You also visited: Bailey.

You collected 631 gold pieces.

Inventory:

Hand Weapons
 t - a +0 war axe of venom (weapon)
Missiles
 b - 4 throwing nets
Armour
 j - the +0 cloak of Space (worn) {Str+4}
   (You acquired it on level 9 of the Dungeon)

   Str:       It affects your strength (+4).
 r - a +2 chain mail of poison resistance (worn)
Jewellery
 f - a ring of resist corrosion
 n - a +6 ring of dexterity
 x - a ring of see invisible (right hand)
 z - a +6 ring of dexterity (left hand)
Wands
 a - a wand of mindburst (4)
 c - a wand of quicksilver (12)
 l - a wand of roots (14)
 s - a wand of flame (20)
 C - a wand of charming (5)
Scrolls
 d - 4 scrolls of enchant weapon
 g - 2 scrolls of enchant armour
 h - 4 scrolls of fear
 i - a scroll of magic mapping
 o - 2 scrolls of blinking
 q - 2 scrolls of butterflies
 u - 3 scrolls of silence
 y - a scroll of teleportation
Potions
 e - 5 potions of curing
 k - a potion of magic
 m - 2 potions of brilliance
 p - a potion of invisibility
 v - a potion of flight
 w - a potion of cancellation


   Skills:
 + Level 8.1 Fighting
 + Level 7.4 Axes
 + Level 6.6 Armour
 + Level 7.4 Dodging
 - Level 1.7 Stealth
 + Level 9.2 Invocations
 + Level 6.5 Evocations


You had 10 spell levels left.
You didn't know any spells.
Your spell library contained the following spells:

 Spells                   Type           Power      Damage    Failure   Level
 Ensorcelled Hibernation  Hex/Ice        0%         N/A       99%         2
 Scorch                   Fire           0%         2d5       99%         2
 Sublimation of Blood     Necr           0%         N/A       99%         2
 Ozocubu's Armour         Ice            0%         N/A       100%        3
 Spider Form              Tmut/Pois      0%         N/A       100%        3
 Anguish                  Hex/Necr       0%         N/A       100%        4
 Flame Wave               Conj/Fire      0%         2d4       100%        4
 Petrify                  Tmut/Erth      0%         N/A       100%        4
 Irradiate                Conj/Tmut      0%         3d11      100%        5
 Summon Cactus Giant      Summ           0%         N/A       100%        6
 Ozocubu's Refrigeration  Ice            0%         4d7       100%        7


Dungeon Overview and Level Annotations

Branches:
Dungeon (11/15)            Temple (1/1) D:4            Lair (0/5) D:11
 Bailey (visited)
    Orc: D:9-12

Altars:
Ashenzari
Cheibriados
Dithmenos
Gozag
Kikubaaqudgha
Makhleb
Nemelex Xobeh
Okawaru
Qazlal
Ru
Sif Muna
Vehumet
Wu Jian
Xom


Innate Abilities, Weirdness & Mutations

You are mostly covered in thin metallic scales. (AC +3)
You are completely covered in sharp spines.
Your touch may inflict irresistible damage on your foes.
You are partially covered in large bone plates. (SH +4)
Your flesh is heat resistant. (rF+)
You are robust. (+10% HP)


Message History

Something hits you but does no damage. Something bites you but does no damage.
You slash something!
You touch something!
Something hits you. Something bites you!
Something draws strength from your injuries!
You miss something. Something draws life force from you!
You barely miss something. You punch something.
Something draws life force from you!
You hit something.
You touch something!
Something draws life force from you!
You hit something but do no damage. Something draws life force from you.
You miss something. Something barely misses you.
Something bites you but does no damage.
You miss something. Your touch misses something.
Something hits you but does no damage. Something bites you but does no damage.
Something hits you. Something barely misses you.
You slash something! Your touch misses something.
You hear some strange, mumbled words.
Something tries to affect you, but you resist.
You remove your +6 ring of dexterity.
You feel clumsy.
Reactivating autopickup.
x - a ring of see invisible (right hand)
The vampire draws life force from you.
The vampire is healed by the life force!
The vampire attacks as you move away! The vampire closely misses you.
The vampire bites you but does no damage.
Unknown command.
You slash the vampire!
The vampire is almost destroyed.
The vampire draws life force from you!
* * * LOW HITPOINT WARNING * * *
The vampire is healed by the life force!
You slash the vampire! Your touch misses the vampire.
The vampire is almost destroyed.
The vampire draws life force from you!
* * * LOW HITPOINT WARNING * * *
The vampire is healed by the life force!
You hit the vampire but do no damage. Your touch misses the vampire.
The vampire is heavily damaged.
The vampire is struck by your spines. The vampire hits you!
You die...

*** **,** **,,,** ##### *******
***,,,,,*#####...# *,,,,,,
,,,,,,,,,........#######***,*****
***,,,,,,...##..........,,,,,,,,,
**,,,,,...........####***,****,
**,,,,....>:.V.......,,,,,* *,
*****,,,,.......@...####***,,***,
,,,,,,,,,..$##...####******,,*,,,
*****,,,,.,,*#...# *,,,,,,,,,,,,
*********#..<####.#,***,,*,,,
***#....?...#,* *,,*,,,
*#......###..#,* *,,,,,,
********#..†......,,,#,* **,*,*,
**,,,,,,*#..########,**,****,,*,,
**,****,*#..* *,**,,,,,,,,,,


You could see a vampire (invisible).

Vanquished Creatures
  2 two-headed ogres (D:10)
  A manticore (D:11)
  A komodo dragon (D:7)
  2 kobold demonologists (Bailey)
  2 trolls
  A vampire (D:10)
  A wraith (D:9)
  10 yaks
  2 vampire mosquitoes (D:8)
  Menkaure (D:5)
  Edmund (D:6)
  2 water moccasins
  Duvessa (D:6)
  An ice beast (D:8)
  13 orc warriors
  4 ogres
  A black bear (D:6)
  A sky beast (D:7)
  4 centaurs
  A kobold brigand (D:8)
  Blork the orc (D:6)
  5 bullfrogs
  A scorpion (D:5)
  A water moccasin zombie (D:5)
  Dowan (D:6)
  12 killer bees
  An electric eel (Bailey)
  2 howler monkeys
  2 bullfrog zombies (D:5)
  6 orc priests
  5 hounds
  A centaur zombie (D:5)
  7 iguanas
  5 orc wizards
  2 scorpion zombies (D:5)
  A killer bee zombie (D:5)
  10 gnolls
  8 adders
  2 shadow imps
  A white imp (D:7)
  2 ufetubi
  2 worms
  A dart slug (D:4)
  26 orcs
  3 bats (D:1)
  9 endoplasms
  4 giant cockroaches
  19 goblins
  11 hobgoblins
  4 jackals (D:2)
  5 quokkas
  4 ball pythons
  7 frilled lizards
  10 kobolds
  5 rats
238 creatures vanquished.

Vanquished Creatures (others)
  5 fungi (D:6)
  8 plants (D:7)
  4 withered plants (D:5)
17 creatures vanquished.

Grand Total: 255 creatures vanquished

Notes
Turn   | Place    | Note
-------+----------+-------------------------------------------
     0 | D:1      | qeuew the Demonspawn Monk began the quest for the Orb.
     0 | D:1      | Reached XP level 1. HP: 18/18 MP: 1/1
    61 | D:1      | Found a faded altar of an unknown god.
    96 | D:1      | Gained mutation: You are partially covered in thin metallic
                  | scales. (AC +2) [demonic ancestry]
    96 | D:1      | Reached XP level 2. HP: 21/24 MP: 2/2
   622 | D:2      | Reached skill level 1 in Armour
   675 | D:2      | Gained mutation: You are partially covered in sharp spines.
                  | [demonic ancestry]
   675 | D:2      | Reached XP level 3. HP: 28/29 MP: 3/3
  1185 | D:2      | Gained mutation: You are robust. (+10% HP) [potion of
                  | mutation]
  1185 | D:2      | Gained mutation: Your flesh is heat resistant. (rF+)
                  | [potion of mutation]
  1185 | D:2      | Gained mutation: You are partially covered in large bone
                  | plates. (SH +4) [potion of mutation]
  1346 | D:3      | Gained mutation: You are mostly covered in sharp spines.
                  | [demonic ancestry]
  1346 | D:3      | Reached XP level 4. HP: 38/38 MP: 4/4
  1618 | D:3      | Identified the +2 ring mail "Juod" {rElec rF+}
  2056 | D:4      | Found a staircase to the Ecumenical Temple.
  2068 | Temple   | Entered the Ecumenical Temple
  2083 | Temple   | Became a worshipper of Makhleb the Destroyer
  2083 | Temple   | Reached * piety under Makhleb
  2083 | Temple   | Reached ** piety under Makhleb
  2173 | D:4      | Reached XP level 5. HP: 44/46 MP: 5/5
  2187 | D:4      | Reached skill level 1 in Invocations
  2348 | D:4      | Gained mutation: You are completely covered in sharp
                  | spines. [demonic ancestry]
  2348 | D:4      | Reached XP level 6. HP: 52/52 MP: 7/7
  2385 | D:4      | Reached skill level 2 in Invocations
  2735 | D:5      | Entered Level 5 of the Dungeon
  2750 | D:5      | Reached skill level 3 in Invocations
  2750 | D:5      | Gained mutation: You are mostly covered in thin metallic
                  | scales. (AC +3) [demonic ancestry]
  2750 | D:5      | Reached XP level 7. HP: 60/60 MP: 9/9
  2863 | D:5      | Reached skill level 1 in Evocations
  2967 | D:5      | Reached skill level 4 in Invocations
  3125 | D:5      | Noticed Menkaure
  3132 | D:5      | Killed Menkaure
  3133 | D:5      | Reached skill level 5 in Fighting
  3133 | D:5      | Reached XP level 8. HP: 62/68 MP: 11/11
  4033 | D:6      | Reached skill level 5 in Dodging
  4228 | D:6      | Noticed Edmund
  4244 | D:6      | Killed Edmund
  4245 | D:6      | Reached skill level 5 in Invocations
  4358 | D:6      | Reached skill level 5 in Axes
  4469 | D:6      | Found a snail-covered altar of Cheibriados.
  4469 | D:6      | Noticed Blork the orc
  4484 | D:6      | Killed Blork the orc
  4484 | D:6      | Reached *** piety under Makhleb
  4638 | D:6      | Noticed Dowan
  4639 | D:6      | Noticed Duvessa
  4653 | D:6      | Killed Dowan
  4654 | D:6      | Killed Duvessa
  4954 | D:7      | Gained mutation: Your touch may inflict minor irresistible
                  | damage on your foes. [demonic ancestry]
  4954 | D:7      | Reached XP level 9. HP: 72/75 MP: 13/13
  5116 | D:7      | Noticed a komodo dragon
  5151 | D:7      | Killed a komodo dragon
  5152 | D:7      | Reached skill level 6 in Invocations
  5357 | D:7      | Found a sacrificial altar of Ru.
  5605 | D:8      | Reached **** piety under Makhleb
  5790 | D:8      | Reached skill level 5 in Armour
  6069 | D:9      | Found a flagged portal.
  6087 | Bailey   | Entered a bailey
  6137 | Bailey   | Reached skill level 7 in Invocations
  6302 | Bailey   | Found an iron altar of Okawaru.
  6302 | Bailey   | Noticed a kobold demonologist
  6302 | Bailey   | Noticed a kobold demonologist
  6312 | Bailey   | Killed a kobold demonologist
  6313 | Bailey   | Gained mutation: Your touch may inflict irresistible damage
                  | on your foes. [demonic ancestry]
  6313 | Bailey   | Reached XP level 10. HP: 84/84 MP: 15/15
  6319 | Bailey   | Found the +7 Spriggan's Knife {stab, EV+4 Stlth+}
  6426 | Bailey   | Reached skill level 5 in Evocations
  6846 | D:9      | Reached ***** piety under Makhleb
  6973 | D:9      | Reached skill level 8 in Invocations
  7660 | D:9      | Acquired the +0 cloak of Space {Str+4}
  7678 | D:10     | Entered Level 10 of the Dungeon
  7706 | D:10     | Noticed a two-headed ogre
  7714 | D:10     | Killed a two-headed ogre
  7755 | D:10     | Reached XP level 11. HP: 85/94 MP: 17/17
  7887 | D:10     | Found a radiant altar of Vehumet.
  7887 | D:10     | Found a shimmering altar of Xom.
  7945 | D:10     | Reached skill level 9 in Invocations
  8290 | D:10     | Noticed a two-headed ogre
  8295 | D:10     | Killed a two-headed ogre
  8442 | D:11     | Slain by a vampire

Illustrated notes

Levels and vault maps discovered:
D:1:      saegor_arrival_simple_e, layout_basic, shapermc_ecumenical_altar_venn,
          minmay_hexomino_c4
D:2:      layout_loops_ring
D:3:      layout_basic
D:4:      layout_gridville, minmay_temple_entry_tees, minmay_box_of_dots
D:5:      layout_gridville, serial_undead, serial_undead_b, serial_undead_f,
          serial_undead_e, serial_undead_c, uniq_menkaure
D:6:      layout_basic, cheibrodos_worm_habitat, dreamdust_gnoll_farm,
          uniq_blork_the_orc, uniq_edmund, uniq_duvessa
D:7:      layout_rooms, tgw_trog, gammafunk_temple_overflow_pools,
          minmay_lizard_king
D:8:      layout_rooms, hangedman_decor_push
D:9:      hellmonk_ruined_rings, layout_rooms, enter_bailey_7
D:10:     layout_long_grid, mainiacjoe_overflow_large_starburst
D:11:     minmay_goldmine, layout_loops_ring, lair_entry_dummy, serial_shops,
          freezing_bzr, uniq_psyche, uniq_urug, uniq_maurice
Temple:   lightli_temple_of_artemis

Skill      XL: |  1  2  3  4  5  6  7  8  9 10 11 |
---------------+----------------------------------+-----
Axes           | 3 4 5 6 7 |  7.4
Armour         | 1 2 3 4 5 6 |  6.6
Dodging        | 3 4 5 6 7 |  7.4
Invocations    | 1 3 4 5 7 8 9 |  9.2
Fighting       | 4 5 6 7 8 |  8.1
Evocations     | 1 3 4 6 |  6.5
Stealth        | |  1.7

Action                   |  1- 3 |  4- 6 |  7- 9 | 10-12 || total
-------------------------+-------+-------+-------+-------++-------
Melee: Hand axe          |    89 |    59 |     6 |       ||   154
       Punch             |       |     3 |     2 |     1 ||     6
       War axe           |       |       |   127 |    99 ||   226
       Touch             |       |       |     9 |    24 ||    33
Invok: Minor Destruction |       |    15 |   106 |    79 ||   200
  Use: Scroll            |     8 |     2 |     9 |     4 ||    23
       Potion            |     5 |     3 |       |     2 ||    10
 Stab: Sleeping          |     4 |     4 |     2 |       ||    10
Armor: Robe              |    11 |       |       |       ||    11
       Leather armour    |    21 |    14 |    20 |       ||    55
       Chain mail        |       |       |    66 |    57 ||   123
Dodge: Dodged            |    63 |    31 |    99 |    79 ||   272
Block: Other             |     1 |     9 |    30 |    30 ||    70

Table legend: (Time is in decaauts)
 A = Elapsed time spent in this place.
 B = Non-inter-level travel time spent in this place.
 C = Inter-level travel time spent in this place.
 D = Time resting spent in this place.
 E = Time spent auto-exploring this place.
 F = Levels seen in this place.
 G = Mean time per level.
                   A        B        C        D        E       F      G
               +--------+--------+--------+--------+--------+-----+--------+
         Total |   8514 |   8175 |    339 |    109 |   6611 |  13 |  654.9 |
       Dungeon |   7740 |   7411 |    329 |    109 |   6057 |  11 |  703.6 |
        Temple |     26 |     16 |     10 |      0 |      0 |   1 |   26.0 |
        Bailey |    747 |    747 |      0 |      0 |    554 |   1 |  747.0 |
               +--------+--------+--------+--------+--------+-----+--------+

Top non-repeatable levels by time:
     D:6: 1235 daAuts
     D:5: 914 daAuts
     D:9: 901 daAuts
     D:3: 841 daAuts
  Bailey: 747 daAuts
    D:10: 720 daAuts
     D:7: 717 daAuts
     D:4: 667 daAuts
     D:2: 611 daAuts
     D:1: 607 daAuts
     D:8: 490 daAuts
    D:11: 34 daAuts
  Temple: 26 daAuts
